cohdb
Replays
Latest Replays
All Replays
Popular Replays
Top Player Replays
Match Explorer
How It Works
Community
CoH3 Stats
Reddit
Sign in to upload your games and track your stats! →
Sign in with Steam
Match 43349591
Unlisted
Match 43349591
Overview
Messages
Build Orders
End
Construct Section Command Post
Selects Canadian Shock Battlegroup
Vickers Machine Gun Team
Dingo Light Scout Car
Infantry Section
Selects Attacking Spirit
Selects Canadian Shock Section
Canadian Shock Section
Construct Platoon Command Post
Selects Incendiary Munitions
Grenade Package
Canadian Shock Section
Construct Company Command Post
Crusader II Medium Tank
Selects Pyrotechnics
Crusader II Medium Tank
Royal Engineer Section
Crusader II Medium Tank
Selects Smoke Operation
Foot Guards Section
Unlock Bishop Self-propelled Artillery
Bishop Self-propelled Artillery
Smoke Operation
Bishop Self-propelled Artillery
Smoke Operation
Light Vehicle Training
Smoke Operation
Foot Guards Section
Selects Demolition Engineering
Foot Guards Section
B1t
SkyCurv
看个鸟
鲜榨果汁
cbigney
Pandaren
돈이사라지는마술
見人就倒不墨跡
0
0
Comments
sign in to comment!
No comments posted yet!